 Dungeon Crawl Stone Soup version 0.21.0-25-ge575cb9 (webtiles) character file.

69115 dobroeutro the Fencer (level 14, -3/106 HPs)
             Began as a Demonspawn Fighter on Jan 22, 2018.
             Was the Champion of Okawaru.
             Splashed by an oklob plant's acid (9 damage)
             ... on level 3 of the Lair of Beasts.
             The game lasted 00:46:30 (18618 turns).

dobroeutro the Fencer (Demonspawn Fighter)         Turns: 18618, Time: 00:46:31

Health: -3/106     AC: 24    Str: 22    XL:     14   Next: 89%
Magic:  0/18       EV: 17    Int: 10    God:    Okawaru [******]
Gold:   601        SH: 13    Dex: 15    Spells: 13/13 levels left

rFire    + . .     SeeInvis .   v - +2 demon blade (freeze)
rCold    + . .     Gourm    .   Y - +2 shield {AC+3}
rNeg     . . .     Faith    .   Z - +0 scale mail of the Slightly Bent {rElec rC+ Dex+3}
rPois    .         Spirit   +   T - +1 hat
rElec    +         Reflect  .   O - +1 cloak {MR+}
rCorr    .         Harm     .   a - +0 pair of gloves {archery}
MR       +++..                  V - +2 pair of boots {Fly}
Stlth    ..........             p - amulet of guardian spirit
HPRegen  0.27/turn              Q - ring of protection from magic
MPRegen  0.16/turn              o - +4 ring of evasion

@: corroded, sanguine armour, flying
A: horns 1, fire resistance 1, ignite blood, spiny 1, flame cloud immunity,
sanguine armour 2
a: Heroism, Finesse, Renounce Religion, Stop Flying


You were on level 3 of the Lair of Beasts.
You worshipped Okawaru.
Okawaru was exalted by your worship.
You were not hungry.

You visited 4 branches of the dungeon, and saw 21 of its levels.

You collected 1467 gold pieces.
You spent 866 gold pieces at shops.

Inventory:

Hand Weapons
 v - a +2 demon blade of freezing (weapon)
 y - a +0 scimitar of slicing
 L - a +1 double sword of draining
 R - a +2 scimitar of flaming
Armour
 a - a +0 pair of gloves of archery (worn)
 F - a +3 chain mail of cold resistance
 I - a +0 troll leather armour
 N - the +1 chain mail "Xoasydi" {rF+ rCorr Dex-2 SInv}
   (Okawaru gifted it to you on level 15 of the Dungeon)

   It affects your dexterity (-2).
   It protects you from fire.
   It lets you see invisible.
   It protects you from acid and corrosion.
 O - a +1 cloak of magic resistance (worn)
 T - a +1 hat (worn)
 V - a +2 pair of boots of flying (worn)
 Y - a +2 shield of protection (worn)
 Z - the +0 scale mail of the Slightly Bent (worn) {rElec rC+ Dex+3}
   (You bought it in a shop on level 2 of the Orcish Mines)

   It affects your dexterity (+3).
   It protects you from cold.
   It insulates you from electricity.
Jewellery
 l - an uncursed ring of see invisible
 o - a +4 ring of evasion (right hand)
 p - an amulet of guardian spirit (around neck)
 x - a +5 ring of strength
 E - an uncursed ring of protection from cold
 Q - a ring of protection from magic (left hand)
 U - the ring of Jounebil {*Slow rN+++ MR+ Int+4 Dex+4}
   (You found it on level 2 of the Lair of Beasts)

   [ring of protection from magic]

   It affects your intelligence (+4).
   It affects your dexterity (+4).
   It renders you almost immune to negative energy.
   It affects your resistance to hostile enchantments.
   It may slow you when you take damage.
Wands
 b - a wand of polymorph (12)
 s - a wand of enslavement (25)
 w - a wand of flame (80)
 z - a wand of acid (3)
 A - a wand of random effects (22)
 G - a wand of digging (16)
 H - a wand of disintegration (25)
 J - a wand of paralysis (16)
 W - a wand of scattershot (4)
Scrolls
 e - a scroll of blinking
 i - 6 scrolls of identify
 j - 9 scrolls of remove curse
 n - 3 scrolls of fear
 t - 5 scrolls of teleportation
 D - a scroll of enchant armour
 K - 3 scrolls of fog
 M - 2 scrolls of amnesia
 X - a scroll of magic mapping
Potions
 c - a potion of mutation
 d - a potion of might
 g - 7 potions of curing
 h - 6 potions of degeneration
 k - a potion of magic {unknown}
 m - 4 potions of brilliance
 q - 2 potions of berserk rage
 r - 5 potions of flight
 u - 4 potions of heal wounds
 C - a potion of lignification
 P - a potion of haste
 S - a potion of ambrosia {unknown}
Comestibles
 f - 34 rations


   Skills:
 + Level 8.6 Fighting
 + Level 18.4 Long Blades
 + Level 7.5 Armour
 + Level 6.8 Dodging
 + Level 7.5 Shields
 + Level 6.4 Invocations


You had 13 spell levels left.
You didn't know any spells.

Dungeon Overview and Level Annotations

Branches:
Dungeon (15/15)            Temple (1/1) D:5            Lair (3/6) D:8
  Snake (0/4) Lair:2          Orc (2/2) D:9             Elf (0/3) Orc:2
 Vaults (0/5) D:14         Depths (0/5) D:15
  Swamp: Lair:2-4    Shoals: Lair:2-4

Altars:
Ashenzari
Cheibriados
Dithmenos
Elyvilon
Fedhas
Gozag
Hepliaklqana
Kikubaaqudgha
Makhleb
Nemelex Xobeh
Okawaru
Qazlal
Ru
Sif Muna
Trog
Uskayaw
Vehumet
Wu Jian
Xom
Yredelemnul
Zin
The Shining One
Beogh

Shops:
D:6 }   D:13 *   D:15 *   Orc:2 [}??

Annotations:
D:4 exclusion: statue
D:11 2 runed doors
D:14 2 transporters
Lair:3 exclusion: 3 oklob plants


Innate Abilities, Weirdness & Mutations

You have a pair of small horns on your head.
Your flesh is heat resistant. (rF+)
Your demonic aura causes spilled blood to erupt in flames.
You are partially covered in sharp spines.
You are immune to clouds of flame.
When seriously injured, your bleeding wounds create thick armour. (AC +9)


Message History

You destroy the oklob plant!
Okawaru accepts your kill. The oklob plant spits acid at you.
The splash of acid hits you!
You are splashed with acid!
The acid burns!
Unknown command.
The oklob plant spits acid at you. You block the splash of acid.
The oklob plant spits acid at you. The splash of acid hits you!
You are splashed with acid!
The acid burns!
* * * LOW HITPOINT WARNING * * *
The oklob plant spits acid at you. The splash of acid hits you!
* * * LOW HITPOINT WARNING * * *
You are splashed with acid!
The acid burns!
* * * LOW HITPOINT WARNING * * *
The oklob plant spits acid at you. The splash of acid hits you!
* * * LOW HITPOINT WARNING * * *
You are splashed with acid!
The acid burns!
You die...

####### #.:[.$# #%|P.[# #.:...#
#P..()# #...P(# ##..PPP##
#..@....# #......## ##..P#.#
#..#### ##..# #.รทรท# ### ##..# #
#.#### ##..########### ###
######..#.###..)...P.P##P.###P###


You could see 3 oklob plants.

Vanquished Creatures
  Kirke (D:13)
  An orc warlord (Orc:2)
  A frost giant (D:15)
  Josephine (D:9)
  Erolcha (D:10)
  5 vault guards (D:14)
  3 hydras
  5 centaur warriors (D:15)
  6 two-headed ogres
  4 death yaks (Lair:3)
  An ogre mage (D:14)
  5 orc high priests (Orc:2)
  3 unseen horrors
  2 wizards
  6 orc knights
  An oklob plant (Lair:3)
  8 ugly things
  2 manticores
  3 deep elf magi
  An orc sorcerer (D:14)
  3 cyclopes
  Maurice (D:10)
  3 spiny frogs
  A gargoyle (D:14)
  A kobold demonologist (D:12)
  3 centaur skeletons
  3 yaktaurs
  A rime drake (Lair:2)
  2 efreet
  3 komodo dragons
  A yaktaur (shapeshifter) (D:15)
  4 trolls
  A wind drake (shapeshifter) (D:15)
  2 hornets
  A blink frog (shapeshifter) (D:15)
  8 blink frogs (Lair:3)
  A meliai zombie (D:15)
  22 slime creatures
  6 hippogriffs
  2 water elementals (D:14)
  17 yaks
  2 hogs (D:12)
  5 wraiths
  A human (D:14)
  2 hungry ghosts
  A basilisk (Lair:3)
  10 wargs
  2 soldier ants (D:10)
  4 porcupines
  7 water moccasins
  2 black bears
  39 orc warriors
  3 sky beasts
  A phantom (D:9)
  3 ice beasts
  4 boggarts (D:15)
  An eye of draining (D:13)
  8 ogres
  2 necrophages
  9 wolves
  8 crocodiles
  11 centaurs
  2 big kobolds
  13 bullfrogs
  2 wyvern skeletons
  A scorpion (D:8)
  8 wights
  2 howler monkeys
  8 crimson imps
  2 centaur zombies (D:5)
  A quasit (D:12)
  A gnoll shaman (D:8)
  2 bullfrog zombies (D:10)
  15 hounds
  3 jellies
  2 bullfrog skeletons
  28 orc priests
  18 orc wizards
  Jessica (D:2)
  7 iguanas
  13 worker ants
  Natasha (thrice) (D:4)
  A killer bee zombie (D:5)
  2 worker ant zombies
  6 gnolls
  16 adders
  5 shadow imps
  2 oozes
  3 worms
  3 adder skeletons (D:4)
  2 dart slugs (D:2)
  2 leopard geckos
  86 orcs
  7 giant cockroaches
  6 goblins
  7 hobgoblins
  11 jackals
  22 kobolds
  2 quokkas
  4 ball pythons
  6 bats
  3 frilled lizards
  4 rats (D:1)
  A bush (Lair:2)
  14 plants (Lair:2)
618 creatures vanquished.

Vanquished Creatures (others)
  A gargoyle (D:13)
  A human (D:13)
  A sky beast (D:13)
  2 plants (Lair:3)
5 creatures vanquished.

Grand Total: 623 creatures vanquished

Notes
Turn   | Place    | Note
-------+----------+-------------------------------------------
     0 | D:1      | dobroeutro the Demonspawn Fighter began the quest for the Orb.
     0 | D:1      | Reached XP level 1. HP: 18/18 MP: 1/1
    61 | D:1      | Reached skill level 2 in Long Blades
    89 | D:1      | Gained mutation: When seriously injured, your bleeding wounds create armour. (AC +9) [demonic ancestry]
    89 | D:1      | Reached XP level 2. HP: 17/24 MP: 2/2
   422 | D:1      | Reached skill level 3 in Long Blades
   783 | D:2      | Reached XP level 3. HP: 23/29 MP: 3/3
   808 | D:2      | Noticed Jessica
  1251 | D:2      | Reached skill level 4 in Long Blades
  1251 | D:2      | Reached XP level 4. HP: 35/35 MP: 4/4
  1293 | D:2      | Found a burning altar of Makhleb.
  1293 | D:2      | Found a hazy altar of Hepliaklqana.
  1615 | D:2      | Killed Jessica
  2081 | D:3      | Reached XP level 5. HP: 17/41 MP: 5/5
  2605 | D:3      | Reached skill level 5 in Long Blades
  2872 | D:4      | Noticed an ogre
  3180 | D:4      | Reached XP level 6. HP: 32/47 MP: 6/6
  3279 | D:4      | Reached skill level 6 in Long Blades
  3636 | D:4      | Found a radiant altar of Vehumet.
  3670 | D:4      | Noticed Natasha
  3675 | D:4      | Killed Natasha
  3755 | D:4      | Found a blossoming altar of Fedhas.
  3757 | D:4      | Found a hide-covered altar of Uskayaw.
  3907 | D:4      | Noticed Natasha
  3912 | D:4      | Killed Natasha
  3948 | D:4      | Noticed Natasha
  3960 | D:4      | Killed Natasha
  3960 | D:4      | Reached skill level 1 in Dodging
  3960 | D:4      | Gained mutation: Your flesh is heat resistant. (rF+) [demonic ancestry]
  3960 | D:4      | Reached XP level 7. HP: 39/52 MP: 4/7
  3974 | D:5      | Entered Level 5 of the Dungeon
  4028 | D:5      | Found a staircase to the Ecumenical Temple.
  4035 | Temple   | Entered the Ecumenical Temple
  4093 | Temple   | Became a worshipper of Warmaster Okawaru
  5345 | D:6      | Gained mutation: You are immune to clouds of flame. [demonic ancestry]
  5345 | D:6      | Reached XP level 8. HP: 53/60 MP: 6/8
  5362 | D:6      | Reached * piety under Okawaru
  5554 | D:6      | Reached skill level 7 in Long Blades
  5794 | D:6      | Found Cufar's Gadget Shoppe.
  6253 | D:7      | You fall through a shaft!
  6258 | D:8      | Reached ** piety under Okawaru
  6264 | D:8      | Reached skill level 5 in Fighting
  6439 | D:7      | Gained mutation: You are partially covered in sharp spines. [demonic ancestry]
  6439 | D:7      | Reached XP level 9. HP: 68/68 MP: 9/9
  6571 | D:7      | Reached skill level 5 in Armour
  6571 | D:7      | Reached skill level 5 in Shields
  6606 | D:7      | Found a shattered altar of Ashenzari.
  6777 | D:7      | Reached *** piety under Okawaru
  6888 | D:8      | Noticed an eight-headed hydra
  7082 | D:8      | Reached skill level 8 in Long Blades
  7469 | D:8      | Found a staircase to the Lair.
  7713 | D:9      | Noticed a two-headed ogre
  7736 | D:9      | Killed a two-headed ogre
  7736 | D:9      | Reached **** piety under Okawaru
  7736 | D:9      | Reached skill level 5 in Dodging
  7736 | D:9      | Reached XP level 10. HP: 58/77 MP: 7/10
  8285 | D:9      | Found a staircase to the Orcish Mines.
  8286 | D:9      | Found a roughly hewn altar of Beogh.
  8336 | D:9      | Noticed a two-headed ogre
  8352 | D:9      | Killed a two-headed ogre
  8431 | D:9      | Noticed a two-headed ogre
  8446 | D:9      | Killed a two-headed ogre
  8484 | D:9      | Reached skill level 9 in Long Blades
  8489 | D:9      | Reached ***** piety under Okawaru
  8522 | D:9      | Reached XP level 11. HP: 51/86 MP: 7/11
  8648 | D:10     | Entered Level 10 of the Dungeon
  8691 | D:10     | Noticed Maurice
  8712 | D:10     | Killed an unseen horror
  8712 | D:10     | Received a gift from Okawaru
  8721 | D:10     | Paralysed by something for 7 turns
  8749 | D:10     | Killed Maurice
  8841 | D:10     | Noticed Erolcha
  8861 | D:10     | Killed Erolcha
  8861 | D:10     | Reached skill level 10 in Long Blades
  9566 | D:11     | Paralysed by a hornet for 1 turns
  9635 | D:11     | Reached skill level 11 in Long Blades
  9770 | D:11     | Noticed a fire dragon
  9771 | D:11     | Found a runed door.
  9771 | D:11     | Noticed an ice dragon
  9773 | D:11     | Noticed a fire dragon
  9774 | D:11     | Found the +2 shield of Resistance {rF+ rC+ MR+}
  9774 | D:11     | Noticed an ice dragon
  9774 | D:11     | Found a runed door.
  9912 | D:11     | Identified 2 scrolls of acquirement
  9949 | D:12     | Noticed a two-headed ogre
  9956 | D:12     | Killed a two-headed ogre
 10005 | D:12     | Noticed a deep elf mage
 10010 | D:12     | Killed a deep elf mage
 10032 | D:12     | Reached skill level 1 in Invocations
 10040 | D:12     | Reached skill level 12 in Long Blades
 10372 | D:12     | Noticed a soul eater
 10377 | D:12     | Received a gift from Okawaru
 10377 | D:12     | Gained mutation: When seriously injured, your bleeding wounds create thick armour. (AC +9) [demonic ancestry]
 10377 | D:12     | Reached XP level 12. HP: 82/92 MP: 11/15
 10560 | D:12     | Reached skill level 5 in Invocations
 10996 | D:13     | Reached skill level 13 in Long Blades
 11001 | D:13     | Noticed a two-headed ogre
 11012 | D:13     | Killed a two-headed ogre
 11059 | D:13     | Noticed Kirke
 11114 | D:13     | Noticed a sphinx
 11115 | D:13     | Killed Kirke
 11176 | D:13     | Found Kuameose's General Store.
 11195 | D:13     | Noticed a two-headed ogre
 11204 | D:13     | Killed a two-headed ogre
 11240 | D:13     | Reached skill level 14 in Long Blades
 11310 | D:13     | Identified Buiptiem's Volume of Scorching Talismans
 11461 | D:13     | Identified the Incunabulum of Shifting Attacks
 11581 | D:14     | Found a transporter.
 11621 | D:14     | Reached ****** piety under Okawaru
 11649 | D:14     | Found a glowing silver altar of Zin.
 11755 | D:14     | Noticed a vault guard
 11812 | D:14     | Noticed a vault guard
 11815 | D:14     | Noticed a vault guard
 11820 | D:14     | Noticed an ogre mage
 11832 | D:14     | Killed an ogre mage
 11832 | D:14     | Received a gift from Okawaru
 11850 | D:14     | Killed a vault guard
 11850 | D:14     | Gained mutation: You have a pair of small horns on your head. [demonic ancestry]
 11850 | D:14     | Reached XP level 13. HP: 24/98 MP: 3/16
 11929 | D:14     | Reached skill level 15 in Long Blades
 12102 | D:14     | Found a gate to the Vaults.
 12226 | D:14     | Found a transporter.
 12228 | D:14     | Noticed a brown very ugly thing
 12228 | D:14     | Noticed a green very ugly thing
 12811 | Orc:1    | Entered Level 1 of the Orcish Mines
 12870 | Orc:1    | Noticed Josephine
 12892 | D:9      | Killed Josephine
 12998 | Orc:2    | Entered Level 2 of the Orcish Mines
 13172 | Orc:2    | Noticed an orc warlord
 13188 | Orc:2    | Killed an orc warlord
 13188 | Orc:2    | Reached skill level 16 in Long Blades
 13468 | Orc:2    | Found a staircase to the Elven Halls.
 14153 | Orc:2    | Received a gift from Okawaru
 14313 | Orc:2    | Reached skill level 17 in Long Blades
 14460 | Orc:2    | Found Plog's Antique Armour Boutique.
 14463 | Orc:2    | Found Utokhluq's Magic Scroll Shop.
 14464 | Orc:2    | Found Xocyexkujur's Magic Scroll Boutique.
 14465 | Orc:2    | Found Sika's Gadget Boutique.
 14469 | Orc:2    | Bought a scroll of magic mapping for 59 gold pieces
 14472 | Orc:2    | Bought a shiny shield for 240 gold pieces
 14472 | Orc:2    | Bought a polished scale mail for 288 gold pieces
 14472 | Orc:2    | Bought a pair of glowing gloves for 240 gold pieces
 14493 | Orc:2    | Identified the +0 scale mail of the Slightly Bent {rElec rC+ Dex+3} (You bought it in a shop on level 2 of the Orcish Mines)
 14572 | Orc:2    | Bought a scroll of teleportation for 39 gold pieces
 14854 | D:15     | Entered Level 15 of the Dungeon
 14878 | D:15     | Received a gift from Okawaru
 14894 | D:15     | Gained mutation: Your demonic aura causes spilled blood to erupt in flames. [demonic ancestry]
 14894 | D:15     | Reached XP level 14. HP: 91/105 MP: 14/17
 14910 | D:15     | Got a crude chain mail {god gift}
 15210 | D:15     | Found Gozag's Platinum Reserve.
 15211 | D:15     | Found an opulent altar of Gozag.
 15273 | D:15     | Identified the +1 chain mail "Xoasydi" {rF+ rCorr Dex-2 SInv} (Okawaru gifted it to you on level 15 of the Dungeon)
 15511 | D:15     | Reached skill level 18 in Long Blades
 15600 | D:15     | Found a staircase to the Depths.
 15600 | D:15     | Noticed a frost giant
 15609 | D:15     | Killed a frost giant
 16004 | Lair:1   | Entered Level 1 of the Lair of Beasts
 16064 | Lair:1   | Received a gift from Okawaru
 16941 | Lair:2   | Found a staircase to the Snake Pit.
 17821 | Lair:2   | Got an ancient glass ring
 17848 | Lair:2   | Identified the ring of Jounebil {*Slow rN+++ MR+ Int+4 Dex+4} (You found it on level 2 of the Lair of Beasts)
 18174 | Lair:3   | Received a gift from Okawaru
 18618 | Lair:3   | Splashed by an oklob plant's acid

Skill      XL: |  1  2  3  4  5  6  7  8  9 10 11 12 13 14 |
---------------+-------------------------------------------+-----
Long Blades    | 2 3 4 5 6 7 8 9 12 14 17 18 | 18.4
Shields        | 3 4 6 7 |  7.5
Armour         | 3 4 6 7 |  7.5
Dodging        | 1 2 3 5 6 |  6.8
Fighting       | 4 5 6 7 8 |  8.6
Invocations    | 4 5 6 |  6.4

Action                   |  1- 3 |  4- 6 |  7- 9 | 10-12 | 13-15 || total
-------------------------+-------+-------+-------+-------+-------++-------
Melee: Long sword        |   119 |   237 |   415 |   433 |       ||  1204
       Demon blade       |       |       |       |   336 |   771 ||  1107
       Headbutt          |       |       |       |       |   225 ||   225
       Scimitar          |       |       |       |       |     2 ||     2
Invok: Heroism           |       |       |     1 |     9 |     2 ||    12
Evoke: Wand              |       |     2 |       |       |     2 ||     4
  Use: Scroll            |       |       |    11 |     5 |    15 ||    31
       Potion            |       |       |       |     2 |       ||     2
 Stab: Sleeping          |       |       |       |     1 |       ||     1
  Eat: Chunk             |     1 |     9 |    14 |    15 |    13 ||    52
       Ration            |       |       |       |       |     3 ||     3
Armor: Ring mail         |    60 |    77 |    78 |     8 |       ||   223
       Troll leather arm |       |       |       |    93 |    38 ||   131
       Scale mail        |       |       |       |       |    61 ||    61
Dodge: Dodged            |    43 |    90 |   208 |   341 |   220 ||   902
Block: Shield            |    69 |    96 |   249 |   403 |   287 ||  1104
       Rpst.: Long sword |    17 |    32 |    72 |    44 |       ||   165
       Demon blade       |       |       |       |    24 |    47 ||    71
